 Dungeon Crawl Stone Soup version 0.17-a0-1554-g3b847ca (webtiles) character file.

118 urechis the Skirmisher (level 5, 0/34 HPs)
             Began as a Gargoyle Fighter on July 19, 2015.
             Slain by urechis's ghost (6 damage)
             ... on level 3 of the Dungeon.
             The game lasted 00:02:20 (1674 turns).

urechis the Skirmisher (Gargoyle Fighter)           Turns: 1674, Time: 00:02:20

Health: 0/34       AC: 13    Str: 20    XL:     5   Next: 2%
Magic:  5/5        EV:  7    Int:  9    God:
Gold:   67         SH:  9    Dex:  9    Spells: 0 memorised, 4 levels left

rFire  . . .     SeeInvis .     a - +0 flail
rCold  . . .     Clarity  .     b - +0 scale mail
rNeg   + . .     SustAt   .     c - +0 shield
rPois  ∞         Gourm    .     m - +0 helmet
rElec  +         Spirit   .     o - +0 cloak
rCorr  .         Warding  .     (no gloves)
rMut   .         Stasis   .     (no boots)
MR     .....                    j - amulet of regeneration
Stlth  ..........               (no ring)
                                (no ring)

@: not resistant to hostile enchantments, extremely unstealthy
A: negative energy resistance 1, electricity resistance, unbreathing,
petrification resistance, rot immunity, AC +4
a: no special abilities


You were on level 3 of the Dungeon.
You were near starving.

You visited 1 branch of the dungeon, and saw 3 of its levels.

You collected 67 gold pieces.

Inventory:

Hand weapons
 a - a +0 flail (weapon)
Armour
 b - a +0 scale mail (worn)
 c - a +0 shield (worn)
 m - a +0 helmet (worn)
 o - a +0 cloak (worn)
Jewellery
 j - an amulet of regeneration (around neck)
Scrolls
 f - a scroll of immolation {unknown}
 i - a scroll of recharging {unknown}
 k - 2 scrolls of identify {unknown}
 l - a scroll of teleportation {unknown}
 r - a scroll of noise {unknown}
Potions
 d - 2 potions of might
 n - a potion of heal wounds {unknown}
 p - 2 potions of lignification {unknown}
Comestibles
 e - 3 bread rations
 g - 4 fruits


   Skills:
 + Level 4.9 Fighting
 + Level 3.7 Maces & Flails
 - Level 3.2 Armour
 - Level 3.2 Shields


You had 4 spell levels left.
You didn't know any spells.

Dungeon Overview and Level Annotations

Branches:
Dungeon (3/15)

Altars:
Makhleb

Annotations:
D:3 urechis's ghost, average OgGl


Innate Abilities, Weirdness & Mutations

You are resistant to torment.
Your stone body is resilient (AC +4).
You are immune to poison.
You resist negative energy.
You are resistant to electric shocks.
You can survive without breathing.
You are immune to petrification.
You are immune to rotting.


Message History

Your shield prevents you from hitting urechis's ghost.
Urechis's ghost is severely damaged.
Urechis's ghost hits you but does no damage.
You hit urechis's ghost.
Urechis's ghost is severely damaged.
Urechis's ghost barely misses you. You block urechis's ghost's attack.
You closely miss urechis's ghost.
Urechis's ghost is severely damaged.
You block urechis's ghost's attack.
You hit urechis's ghost.
Urechis's ghost is severely damaged.
You block urechis's ghost's attack.
You closely miss urechis's ghost.
Urechis's ghost is severely damaged.
Urechis's ghost hits you. Urechis's ghost hits you!
* * * LOW HITPOINT WARNING * * *
You barely miss urechis's ghost.
Urechis's ghost is severely damaged.
Urechis's ghost hits you.
You die...

..## #... # .#
#..# .#
...##..# ..
...... .# ...#
..#.#
#.###r....#
#<@Wso...#
#.....###......
#$....# .....
#.....# #.##
#.....# #
.....<.#
#.###.### #. #.


You could see urechis's ghost, an orc, a giant cockroach and a rat.

Vanquished Creatures
  Jessica (D:2)
  A hound (D:2)
  Robin (D:2)
  2 giant geckos
  3 orcs (D:3)
  3 ball pythons
  A bat (D:1)
  2 giant cockroaches
  13 goblins
  9 hobgoblins
  2 jackals (D:2)
  2 quokkas (D:2)
  6 kobolds
  4 rats
50 creatures vanquished.

Notes
Turn   | Place    | Note
--------------------------------------------------------------
     0 | D:1      | urechis the Gargoyle Fighter began the quest for the Orb.
     0 | D:1      | Reached XP level 1. HP: 14/14 MP: 1/1
   119 | D:1      | Reached XP level 2. HP: 19/19 MP: 2/2
   707 | D:2      | Found a burning altar of Makhleb.
   712 | D:2      | Reached skill level 4 in Fighting
   712 | D:2      | Reached XP level 3. HP: 16/24 MP: 3/3
   804 | D:2      | Noticed Jessica
   809 | D:2      | Killed Jessica
   809 | D:2      | Reached XP level 4. HP: 28/30 MP: 4/4
  1068 | D:2      | Noticed Robin
  1102 | D:2      | Killed Robin
  1634 | D:3      | Noticed urechis's ghost (average OgGl)
  1647 | D:3      | Reached XP level 5. HP: 29/34 MP: 5/5
  1674 | D:3      | Slain by urechis's ghost

Vault maps used:
D:1:      lightli_arrival_isolated_outpost, minivault_19, minivault_19
D:2:      first_bread, makhleb_heckhound_becter, uniq_robin, uniq_jessica
D:3:      lemuel_crystal_altar, minmay_crystal_water, nrook_mini_vaults

Action                   |  1- 3 |  4- 6 || total
-------------------------+-------+-------++-------
Melee: Flail             |    55 |   121 ||   176
  Eat: Chunk             |       |     1 ||     1
